 Dungeon Crawl Stone Soup version 0.27-a0-385-g3208abaabc (webtiles) character file.

Game seed: 18337875112454529565

2634 kae the Ruffian (level 9, -3/87 HPs)
             Began as a White Draconian Transmuter on Feb 18, 2021.
             Slain by a bullfrog (6 damage)
             ... on level 7 of the Dungeon.
             The game lasted 00:07:26 (9799 turns).

kae the Ruffian (White Draconian Transmuter)        Turns: 9799, Time: 00:07:27

Health: -3/87      AC: 10    Str: 17    XL:     9   Next: 35%
Magic:  13/15      EV: 11    Int: 13    God:
Gold:   210        SH:  0    Dex: 11    Spells: 9/17 levels left

rFire    x . .     SeeInvis .     - Unarmed
rCold    + + +     Faith    .   (shield currently unavailable)
rNeg     . . .     Spirit   .   (armour unavailable)
rPois    +         Reflect  .   (helmet currently unavailable)
rElec    .         Harm     .   (cloak currently unavailable)
rCorr    .         Rampage  .   (gloves currently unavailable)
Will     .....                  (boots currently unavailable)
Stlth    +.........             (no amulet)
HPRegen  0.24/turn              f - +4 ring of protection
MPRegen  0.14/turn              (no ring)

@: ice-form
A: large, (breathe frost), unfitting armour, AC +7
a: End Transformation


You were on level 7 of the Dungeon.
You were a creature of crystalline ice.
You visited 1 branch of the dungeon, and saw 7 of its levels.
You also visited: Ossuary.

You collected 437 gold pieces.
You spent 227 gold pieces at shops.

Inventory:

Armour
 i - a +0 pair of gloves (melded)
 l - a +2 hat (melded)
Jewellery
 d - a ring of ice
 f - a +4 ring of protection (left front paw)
Wands
 j - a wand of iceblast (6)
 k - a wand of acid (8)
 p - a wand of paralysis (9)
 q - a wand of random effects (13)
Scrolls
 a - 3 scrolls of enchant armour
 c - 2 scrolls of teleportation
 e - a scroll of amnesia
 h - 3 scrolls of magic mapping
 o - 8 scrolls of identify
Potions
 b - 2 potions of haste
 g - 2 potions of might
 m - a potion of heal wounds
 n - a potion of lignification


   Skills:
 + Level 4.9 Fighting
 + Level 4.3 Dodging
 * Level 7.1 Unarmed Combat
 + Level 4.5 Spellcasting
 * Level 6.5 Transmutations
 * Level 4.8 Ice Magic
 - Level 2.0 Poison Magic


You had 9 spell levels left.
You knew the following spells:

 Your Spells              Type           Power        Failure   Level
a - Beastly Appendage     Tmut           40%          1%          1
b - Spider Form           Tmut/Pois      7%           11%         3
c - Ice Form              Ice/Tmut       17%          19%         4

Your spell library contained the following spells:

 Spells                   Type           Power        Failure   Level
 Wereblood                Tmut           20%          1%          2
 Freeze                   Ice            60%          2%          1
 Frozen Ramparts          Ice            30%          9%          3
 Ozocubu's Armour         Ice            15%          9%          3
 Magic Dart               Conj           8%           21%         1
 Searing Ray              Conj           4%           30%         2
 Blade Hands              Tmut           10%          36%         5
 Dazzling Flash           Conj/Hex       4%           52%         3
 Hailstorm                Conj/Ice       9%           58%         4
 Summon Ice Beast         Ice/Summ       9%           58%         4
 Fulminant Prism          Conj/Hex       1%           89%         4
 Iskenderun's Mystic Bla  Conj/Tloc      2%           89%         4


Dungeon Overview and Level Annotations

Branches:
Dungeon (7/15)             Temple (0/1) D:6         Ossuary (visited)

Altars:
Cheibriados
Gozag
Makhleb
Nemelex Xobeh
Okawaru
Xom
Yredelemnul
The Shining One

Shops:
D:6 ?


Innate Abilities, Weirdness & Mutations

((You can breathe waves of freezing cold.))
((You can buffet flying creatures when you breathe cold.))
((Your icy white scales are hard. (AC +7)))
You cannot fit into any form of body armour.
((Your flesh is cold resistant. (rC+)))
((You are cold-blooded and may be slowed by cold attacks.))


Message History

You are too injured to fight recklessly!
You are too injured to fight recklessly!
You are too injured to fight recklessly!
You are too injured to fight recklessly!
You punch the orc! You freeze the orc.
You kill the orc!
The orc priest hits you but does no damage.
The orc warrior hits you from afar with a +1 trident of holy wrath!
You punch the orc priest! You freeze the orc priest.
The orc priest is severely wounded.
The white imp gestures at you. The puff of frost hits you. You resist.
The orc priest calls down the wrath of Beogh upon you.
Pain shoots through your body!
* * * LOW HITPOINT WARNING * * *
The white imp gestures at you.
The puff of frost hits you but does no damage.
You resist.
As you read the scroll of teleportation, it crumbles to dust.
You feel strangely unstable.
The orc warrior hits you from afar with a +1 trident of holy wrath.
* * * LOW HITPOINT WARNING * * *
The orc priest hits you with a +0 flail.
* * * LOW HITPOINT WARNING * * *
The orc priest barely misses you. The white imp gestures at you.
The puff of frost hits you but does no damage.
You resist.
The orc priest invokes the aid of Beogh against you.
Pain shoots through your body!
* * * LOW HITPOINT WARNING * * *
The orc priest mumbles some strange prayers to Beogh against you.
Beogh smites you!
* * * LOW HITPOINT WARNING * * *
Your surroundings suddenly seem different.
A bullfrog comes into view.
The bullfrog gives a loud, deep croak!
Found a club.
Found a stone staircase leading down.
You closely miss the bullfrog. The bullfrog hits you.
You die...

############
#......YF..#
#....>.........
#..........####
#####.###### #)
#. . .... .
.... ....


You could see a bullfrog.

Vanquished Creatures
  Grinder (D:5)
  A water moccasin (D:7)
  An orc warrior (D:3)
  An ice beast (D:7)
  Purgy (D:3)
  4 ogres
  2 centaurs
  4 phantoms
  An elf zombie (Ossuary)
  3 bullfrogs (D:6)
  2 howler monkeys (D:4)
  A crimson imp (D:4)
  3 human zombies (Ossuary)
  2 hounds
  3 orc priests
  A centaur skeleton (D:4)
  Jessica (D:3)
  Terence (D:3)
  An orc wizard (D:3)
  2 worker ants
  Natasha (thrice) (D:2)
  A hound zombie (Ossuary)
  2 hound skeletons
  3 mummies (Ossuary)
  A howler monkey zombie (D:5)
  A worker ant zombie (D:5)
  Robin (D:2)
  5 gnolls
  13 adders
  A shadow imp (D:7)
  2 white imps
  An ufetubus (D:4)
  An ooze (D:3)
  4 adder zombies
  4 worms
  2 dart slugs
  6 leopard geckos
  15 orcs
  2 ball pythons
  8 bats
  3 giant cockroaches
  7 hobgoblins
  16 jackals
  5 kobolds
  6 frilled lizards
  A gnoll zombie (Ossuary)
  14 goblins
  3 goblin zombies (Ossuary)
  4 hobgoblin zombies (Ossuary)
  4 jackal zombies (Ossuary)
  2 kobold zombies (Ossuary)
  2 leopard gecko skeletons
  A leopard gecko zombie (D:6)
  2 orc zombies (Ossuary)
  5 quokka zombies (Ossuary)
  13 rats
  4 rat zombies (Ossuary)
204 creatures vanquished.

Vanquished Creatures (others)
  A hobgoblin (D:3)
1 creature vanquished.

Grand Total: 205 creatures vanquished

Notes
Turn   | Place    | Note
-------+----------+-------------------------------------------
     0 | D:1      | kae the Draconian Transmuter began the quest for the Orb.
     0 | D:1      | Reached XP level 1. HP: 16/16 MP: 3/3
   183 | D:1      | Noticed an ogre
   183 | D:1      | Noticed an ogre
   183 | D:1      | Noticed an ogre
   187 | D:1      | Noticed an ogre
   592 | D:1      | Reached XP level 2. HP: 13/23 MP: 3/5
  1637 | D:2      | Reached XP level 3. HP: 10/29 MP: 4/6
  1641 | D:2      | Learned a level 3 spell: Spider Form
  1943 | D:2      | Noticed Robin
  1956 | D:2      | Killed Robin
  1971 | D:2      | Reached XP level 4. HP: 28/36 MP: 5/7
  2368 | D:2      | Reached skill level 1 in Poison Magic
  2493 | D:2      | Found a snail-covered altar of Cheibriados.
  2566 | D:2      | Found an iron altar of Okawaru.
  3267 | D:3      | Found a basalt altar of Yredelemnul.
  3273 | D:3      | Found a glowing golden altar of the Shining One.
  3275 | D:3      | Noticed an angel
  3582 | D:3      | Reached XP level 5. HP: 36/41 MP: 5/8
  3586 | D:3      | Reached skill level 4 in Unarmed Combat
  3704 | D:3      | Noticed Terence
  3721 | D:3      | Killed Terence
  3949 | D:3      | Noticed Jessica
  3959 | D:3      | Killed Jessica
  3966 | D:3      | Noticed an orc warrior
  3985 | D:3      | Reached XP level 6. HP: 23/50 MP: 5/10
  4292 | D:3      | Learned a level 4 spell: Ice Form
  4328 | D:3      | Noticed Natasha
  4339 | D:2      | Killed Natasha
  4526 | D:2      | Found a snail-covered altar of Cheibriados.
  4878 | D:2      | Noticed Natasha
  4893 | D:2      | Killed Natasha
  4896 | D:2      | Noticed Natasha
  4912 | D:2      | Killed Natasha
  5488 | D:3      | Found a faded altar of an unknown god.
  5624 | D:3      | Noticed Purgy
  5634 | D:3      | Killed Purgy
  5835 | D:3      | Killed an orc warrior
  5836 | D:3      | Your scales start taking on an icy white colour.
  5836 | D:3      | Reached XP level 7. HP: 57/57 MP: 7/11
  5836 | D:3      | Gained mutation: Your flesh is cold resistant. (rC+) [White
                  | Draconian growth]
  5964 | D:4      | Reached skill level 5 in Unarmed Combat
  6440 | D:4      | Reached skill level 5 in Transmutations
  6501 | D:4      | Found an opulent altar of Gozag.
  6533 | D:4      | Found a shimmering altar of Xom.
  6536 | D:4      | Reached XP level 8. HP: 66/66 MP: 13/13
  6536 | D:4      | Found a burning altar of Makhleb.
  6552 | D:4      | Reached skill level 1 in Ice Magic
  6777 | D:4      | Found a sparkling altar of Nemelex Xobeh.
  6825 | D:5      | Entered Level 5 of the Dungeon
  6893 | D:5      | Noticed Grinder
  6910 | D:5      | Killed Grinder
  6911 | D:5      | Reached skill level 6 in Unarmed Combat
  7068 | D:5      | Found a sand-covered staircase.
  7093 | Ossuary  | Entered an ossuary
  8238 | D:6      | Found a staircase to the Ecumenical Temple.
  8250 | D:6      | Found the +0 staff of Battle
  8406 | D:6      | Found a shimmering altar of Xom.
  8519 | D:6      | Found Ifrezyde's Magic Scroll Emporium.
  8524 | D:6      | Bought a scroll of identify for 26 gold pieces
  8524 | D:6      | Bought a scroll of identify for 26 gold pieces
  8524 | D:6      | Bought a scroll of identify for 26 gold pieces
  8524 | D:6      | Bought 3 scrolls of identify for 78 gold pieces
  8524 | D:6      | Bought a scroll of identify for 26 gold pieces
  8524 | D:6      | Bought a scroll of magic mapping for 45 gold pieces
  8666 | D:6      | Reached XP level 9. HP: 54/72 MP: 12/15
  9649 | D:7      | Reached skill level 7 in Unarmed Combat
  9797 | D:7      | HP: 2/87 [orc priest/divine providence (9)]
  9799 | D:7      | Slain by a bullfrog

Illustrated notes

Levels and vault maps discovered:
D:1:      erik_arrival_cave_to_civilisation [erik_arrival_cave_to_temple],
          layout_basic, minmay_heptomino_d4
D:2:      layout_loops_ring, kennysheep_okawaru_gauntlet, minmay_fountain_box,
          kennysheep_slug_shrine, uniq_robin
D:3:      layout_basic, grunt_temple_overflow_holy_war,
          chequers_ecumenical_altar_twisty, uniq_terence, uniq_jessica,
          uniq_purgy, uniq_natasha
D:4:      layout_rooms, grunt_temple_overflow_champion_of_chaos,
          kennysheep_little_box, nemelex_xobeh_ov_fountains_minmay
D:5:      layout_cave_pools, nicolae_ossuary_entry_ruins, uniq_grinder
D:6:      layout_basic, minmay_temple_entry_glassed_door, serial_shops, shop,
          tgw_xom
D:7:      layout_basic

Skill      XL: |  1  2  3  4  5  6  7  8  9 |
---------------+----------------------------+-----
Dodging        | 2 3 4 |  4.3
Fighting       | 2 3 4 |  4.9
Poison Magic   | 1 2 |  2.0
Transmutations | 3 4 5 6 |  6.5
Unarmed Combat | 4 5 6 7 |  7.1
Spellcasting   | 3 4 |  4.5
Ice Magic      | 3 4 |  4.8

Action                   |  1- 3 |  4- 6 |  7- 9 || total
-------------------------+-------+-------+-------++-------
Melee: Unarmed           |   124 |   226 |   400 ||   750
       Kick              |    17 |    13 |    17 ||    47
       Headbutt          |     8 |    12 |     5 ||    25
       Tailslap          |     6 |    11 |    25 ||    42
       Punch             |     1 |       |     7 ||     8
 Cast: Beastly Appendage |    23 |    23 |     5 ||    51
       Spider Form       |       |    12 |    31 ||    43
       Ice Form          |       |       |     6 ||     6
 Abil: Breathe Frost     |       |       |     1 ||     1
Evoke: Wand              |       |     1 |       ||     1
  Use: Potion            |     1 |       |     1 ||     2
       Scroll            |       |     1 |    13 ||    14
 Stab: Sleeping          |       |     1 |     1 ||     2
       Fleeing           |       |       |     1 ||     1
Armor: Skin              |    36 |    61 |    74 ||   171
Dodge: Dodged            |    97 |   202 |   304 ||   603

Table legend: (Time is in decaauts)
 A = Elapsed time spent in this place.
 B = Non-inter-level travel time spent in this place.
 C = Inter-level travel time spent in this place.
 D = Time resting spent in this place.
 E = Time spent auto-exploring this place.
 F = Levels seen in this place.
 G = Mean time per level.
                   A        B        C        D        E       F      G
               +--------+--------+--------+--------+--------+-----+--------+
         Total |   9751 |   9459 |    292 |    931 |   6947 |   8 | 1218.9 |
       Dungeon |   9215 |   8923 |    292 |    931 |   6603 |   7 | 1316.4 |
       Ossuary |    536 |    536 |      0 |      0 |    344 |   1 |  536.0 |
               +--------+--------+--------+--------+--------+-----+--------+

Top non-repeatable levels by time:
     D:2: 3143 daAuts
     D:1: 1400 daAuts
     D:6: 1368 daAuts
     D:3: 1345 daAuts
     D:4: 919 daAuts
     D:5: 776 daAuts
 Ossuary: 536 daAuts
     D:7: 260 daAuts
